Map: Traitor's Exile

Players

Throwfordays

  • Race: Terran Terran
  • League: Bronze
  • Spawn Location: 9:00

Cthulhu

  • Race: Terran Terran
  • Spawn Location: 12:00

NaturesOmen - Winner!

  • Race: Terran Terran
  • Spawn Location: 6:00

LostLiberty - Winner!

  • Race: Terran Terran
  • Spawn Location: 5:00

VOD

Have the link to the VOD?

Description

Time

  • Played on: Jan. 27, 2019, 10:12 p.m.
  • Length: 15:18
Show
View Real Time Build Order
Export as new Build Order

Throwfordays Terran 

Build Orders:  

Get SALT Encoding   

  12  0:01  SCV  
  13  0:14  Supply Depot  
  13  0:19  SCV  
  14  0:31  SCV  
  15  0:43  SCV  
  15  0:45  Barracks  
  16  0:55  SCV  
  17  0:57  Refinery  
  17  1:06  Refinery  
  17  1:08  SCV  
  18  1:20  SCV  
  19  1:38  SCV  
  20  1:43  Supply Depot  
  20  1:50  SCV  
  20  1:53  Barracks Tech Lab  
  21  2:04  Command Center  
  21  2:12  SCV  
  22  2:16  Reaper  
  22  2:19  Supply Depot  
  23  2:24  SCV  
  24  2:36  SCV  
  25  2:43  Barracks  
  25  2:48  Reaper  
  26  2:55  Orbital Command  
  26  3:20  Reaper  
  26  3:24  SCV  
  28  3:27  SCV  
  28  3:32  Engineering Bay  
  28  3:33  Refinery  
  29  3:36  Barracks Reactor, SCV  
  29  3:39  SCV  
  31  3:48  SCV  
  32  3:51  SCV  
  32  3:52  Reaper  
  34  3:59  Terran Infantry Weapons Level 1  
  34  4:00  SCV  
  35  4:03  SCV  
  36  4:10  Refinery  
  36  4:12  SCV  
  36  4:15  SCV  
  38  4:17  Combat Shield  
  38  4:24  SCV  
  38  4:27  SCV  
  40  4:36  SCV  
  41  4:40  SCV  
  42  4:48  SCV  
  42  4:52  SCV  
  40  5:12  Marine x3  
  43  5:18  SCV  
  43  5:21  SCV  
  45  5:29  Barracks  
  45  5:30  Marine x3  
  48  5:48  Marine x3  
  48  5:54  Supply Depot  
  48  5:57  Stimpack  
  45  6:05  Marine  
  45  6:06  Marine x2  
  48  6:23  Marine  
  46  6:37  Barracks Reactor  
  46  6:40  Marine x2  
  46  6:41  Marine  
  46  6:45  Supply Depot  
  49  6:49  Supply Depot  
  49  6:57  Marine  
  49  6:58  Marine  
  49  6:59  Marine  
  52  7:14  SCV  
  53  7:15  Marine x2  
  53  7:17  Marine  
  56  7:26  SCV  
  57  7:31  Marine x2  
  57  7:33  Marine x2  
  62  7:37  Command Center  
  62  7:38  Command Center  
  62  7:39  Marauder  
  63  7:46  Planetary Fortress  
  63  7:48  Marine  
  63  7:49  Marine  
  63  7:51  Marine x2  
  65  7:55  Terran Infantry Armor Level 1  
  67  7:59  Engineering Bay  
  67  8:00  Marauder  
  67  8:03  Supply Depot  
  69  8:06  Marine x2  
  69  8:09  Marine x2  
  73  8:18  SCV  
  74  8:21  Marauder  
  74  8:24  Marine x2  
  74  8:26  Marine  
  74  8:27  Marine, SCV  
  78  8:30  SCV  
  82  8:39  SCV  
  83  8:42  Marine x2, SCV  
  83  8:43  Supply Depot  
  83  8:44  Supply Depot  
  83  8:48  Marine x2, Supply Depot  
  86  8:49  Marauder, Hi-Sec Auto Tracking  
  86  8:51  SCV  
  86  8:54  SCV  
  92  9:00  Marine x2  
  93  9:03  SCV  
  93  9:06  Marine x2, SCV  
  97  9:10  Marauder  
  97  9:15  SCV  
  100  9:17  Marine  
  100  9:18  Marine  
  100  9:20  Command Center  
  102  9:24  Marine x2, Sensor Tower  
  102  9:28  Planetary Fortress  
  102  9:31  Refinery  
  104  9:32  Refinery, Marauder  
  104  9:34  SCV  
  107  9:40  SCV  
  108  9:46  SCV  
  108  9:49  Neosteel Armor  
  108  9:52  SCV  
  110  9:53  Marauder  
  110  9:58  SCV  
  113  10:04  SCV  
  113  10:07  Marine x4  
  108  10:11  SCV  
  113  10:14  Marauder  
  113  10:16  SCV  
  113  10:18  SCV  
  110  10:23  SCV  
  110  10:24  Marine  
  110  10:25  Marine x3  
  115  10:28  SCV  
  115  10:30  SCV  
  115  10:35  Sensor Tower  
  117  10:36  Marauder  
  117  10:42  Marine x3, SCV, Factory  
  120  10:43  Marine  
  120  10:45  Supply Depot  
  120  10:48  Supply Depot  
  124  10:51  Supply Depot  
  124  10:57  Marauder  
  124  10:59  Sensor Tower  
  124  11:00  Marine x4  
  130  11:05  SCV  
  130  11:07  Planetary Fortress  
  130  11:10  Refinery  
  131  11:14  SCV  
  131  11:17  SCV  
  133  11:19  Marauder  
  133  11:23  Sensor Tower  
  134  11:26  SCV  
  134  11:30  SCV  
  136  11:36  Armory  
  136  11:37  Armory  
  136  11:38  SCV  
  136  11:39  Starport  
  137  11:40  Refinery, Marauder  
  137  11:42  SCV, Starport  
  137  11:45  Concussive Shells  
  140  11:50  SCV  
  140  11:54  SCV  
  142  12:01  Marauder  
  142  12:02  SCV  
  79  12:50  Factory Tech Lab  
  79  12:52  Starport Reactor  
  79  12:53  Starport Reactor  
  79  12:56  Marauder  
  79  12:57  Marine x4  
  76  13:15  Marine x4  
  76  13:16  Terran Vehicle Weapons Level 1, Terran Ship Weapons Level 1  
  76  13:18  Marauder  
  77  13:22  Cyclone  
  77  13:25  Mag-Field Accelerator  
  77  13:33  Marine x4  
  81  13:39  Marauder  
  79  13:51  Marine x4  
  79  13:55  Cyclone  
  70  14:00  Marauder  
  55  14:27  Cyclone  
  45  14:44  Viking x4  
  53  14:54  SCV  
  53  14:56  Refinery  
  54  15:02  Refinery  
Show
View Real Time Build Order
Export as new Build Order

Cthulhu Terran 

Build Orders: 2 Factory 

Get SALT Encoding   

  12  0:37  SCV  
  12  0:41  Supply Depot  
  13  0:50  SCV  
  14  1:00  Command Center  
  14  1:10  SCV  
  15  1:23  SCV  
  16  1:29  Barracks  
  16  1:37  SCV  
  17  1:57  Refinery  
  17  1:58  Refinery  
  17  2:13  SCV  
  17  2:15  SCV  
  18  2:20  Refinery  
  18  2:26  Orbital Command  
  18  2:30  Supply Depot  
  18  2:35  Refinery  
  18  2:41  SCV  
  19  2:58  Factory  
  19  3:06  SCV  
  19  3:09  SCV  
  21  3:14  Barracks Tech Lab  
  21  3:26  Factory  
  21  3:27  SCV  
  22  4:03  Siege Tank  
  22  4:05  Barracks Tech Lab  
  22  4:07  Infernal Pre-Igniter  
  25  4:10  Orbital Command  
  25  4:20  Armory  
  25  4:23  SCV  
  26  4:43  Marine  
  26  4:45  Siege Tank  
  30  4:46  Siege Tank  
  33  5:03  Barracks Tech Lab  
  33  5:08  Terran Vehicle And Ship Armor Level 1  
  33  5:11  Armory  
  33  5:13  SCV  
  33  5:14  SCV  
  35  5:26  SCV  
  36  5:36  SCV  
  36  5:37  Siege Tank x2  
  33  5:58  Marine  
  33  6:00  Terran Vehicle Weapons Level 1  
  34  6:09  Siege Tank  
  32  6:31  Siege Tank  
  25  7:12  Supply Depot  
  25  7:14  Siege Tank  
  28  7:37  SCV  
  29  7:55  Command Center  
  29  7:59  SCV  
  29  8:01  Siege Tank  
  33  8:33  SCV  
  33  8:34  Engineering Bay  
  34  8:45  SCV  
  35  9:06  Thor  
  41  9:20  Orbital Command  
  41  9:22  SCV  
  41  9:24  Sensor Tower  
  42  9:32  Thor  
  42  9:34  SCV  
  48  10:28  SCV  
  49  10:40  SCV  
  50  10:45  Supply Depot  
  50  10:46  Thor x2  
  50  10:47  Terran Vehicle Weapons Level 2  
  62  10:52  Refinery  
  62  10:53  Refinery  
  62  11:07  SCV x2  
  62  11:09  Supply Depot  
  64  11:13  Marine  
  65  11:25  SCV  
  66  11:37  SCV  
  67  11:45  Hellion x2  
  71  11:51  Sensor Tower  
  71  11:53  Smart Servos  
  71  12:29  Thor, Siege Tank  
  42  13:17  Command Center  
  42  13:20  Orbital Command  
  36  14:51  Orbital Command  
  36  14:55  SCV  
  37  15:02  Command Center  
Show
View Real Time Build Order
Export as new Build Order

NaturesOmen Terran - Winner!

Build Orders: 2 Factory, Mech 

Get SALT Encoding   

  12  0:02  SCV  
  13  0:14  SCV  
  13  0:20  Supply Depot  
  14  0:26  SCV  
  15  0:42  SCV  
  16  0:45  Barracks  
  16  0:54  SCV  
  17  0:58  Supply Depot  
  17  1:02  Refinery  
  17  1:06  SCV  
  18  1:12  Refinery  
  18  1:18  SCV  
  19  1:32  Orbital Command  
  19  1:54  Marine, Factory  
  20  2:12  Marine  
  20  2:15  SCV  
  22  2:18  Factory  
  22  2:27  SCV  
  23  2:34  Supply Depot  
  23  2:39  SCV  
  23  2:43  Factory Tech Lab  
  24  2:51  SCV  
  25  3:04  Command Center  
  25  3:15  Engineering Bay  
  25  3:16  Cyclone  
  28  3:20  Factory Tech Lab  
  28  3:28  SCV  
  29  3:38  Mag-Field Accelerator  
  29  3:42  Cyclone  
  29  3:44  SCV  
  33  3:55  Missile Turret  
  33  3:56  SCV  
  33  3:59  Cyclone  
  37  4:15  Supply Depot, Cyclone  
  38  5:08  Cyclone x2  
  44  5:26  SCV  
  45  5:37  Armory  
  45  5:38  SCV  
  45  5:40  Cyclone x2  
  52  5:50  SCV  
  53  6:03  SCV  
  54  6:15  SCV  
  41  6:35  Siege Tank x2  
  41  6:37  Barracks Reactor  
  47  6:42  Command Center  
  41  6:52  Terran Vehicle And Ship Armor Level 1  
  41  6:54  SCV  
  41  6:59  Refinery x2  
  41  7:00  SCV  
  43  7:06  SCV  
  44  7:12  SCV  
  45  7:18  SCV  
  46  7:24  SCV  
  46  7:27  Factory  
  47  7:32  Orbital Command  
  47  7:36  SCV  
  48  7:46  Armory  
  48  7:48  SCV  
  48  7:49  Missile Turret  
  49  7:57  Supply Depot  
  49  8:09  Siege Tank x2  
  49  8:12  Factory Reactor  
  55  8:38  Planetary Fortress  
  55  8:41  Siege Tank, Missile Turret  
  58  8:43  Missile Turret x2  
  58  8:49  Terran Vehicle And Ship Armor Level 2  
  58  8:50  Command Center  
  58  8:52  Terran Vehicle Weapons Level 1  
  58  8:56  Hellbat x2  
  62  9:03  Missile Turret  
  62  9:08  Sensor Tower  
  62  9:17  SCV, Hellbat  
  63  9:18  Hellbat  
  63  9:23  Supply Depot  
  67  9:25  Supply Depot  
  67  9:27  Supply Depot  
  67  9:29  SCV  
  68  9:36  SCV  
  69  9:39  Hellbat x2  
  69  9:41  SCV, Hi-Sec Auto Tracking  
  74  9:47  Refinery  
  74  9:48  SCV  
  74  9:51  Refinery  
  75  9:53  SCV  
  76  10:00  SCV  
  76  10:05  SCV  
  78  10:12  SCV, Command Center  
  79  10:17  SCV  
  80  10:24  SCV  
  81  10:29  SCV  
  82  10:36  SCV  
  82  10:38  Neosteel Armor  
  82  10:39  Thor x2  
  82  10:41  SCV  
  96  10:44  Widow Mine  
  96  10:45  Hellbat  
  96  10:48  SCV  
  101  10:53  SCV  
  102  11:05  Widow Mine  
  102  11:06  Widow Mine  
  106  11:12  Sensor Tower  
  106  11:19  SCV  
  106  11:22  Thor  
  113  11:27  Widow Mine  
  113  11:31  SCV  
  116  11:35  Missile Turret  
  116  11:43  SCV  
  117  11:55  SCV  
  117  11:57  Missile Turret  
  118  12:07  SCV  
  119  12:17  Missile Turret  
  96  12:53  Thor x2  
  96  12:54  Marine  
  96  12:55  Marine  
  96  13:12  Marine x2  
  98  13:24  Hellbat  
  98  13:25  Hellbat  
  102  13:30  Marine x2  
  102  13:36  Thor x2  
  114  13:46  Hellbat x2  
  114  13:48  Marine x2  
  120  14:04  Planetary Fortress  
  120  14:07  Hellbat x2  
  125  14:11  Planetary Fortress  
  124  14:18  Thor  
  124  14:19  Thor  
  124  14:22  Marine x2  
  138  14:32  Hellbat x2  
  142  14:40  Marine x2  
  144  14:48  Refinery  
  144  14:49  SCV  
  144  14:50  Refinery  
  144  14:51  SCV  
  146  14:54  Hellbat x2  
  146  14:58  Marine x2  
  152  15:01  SCV  
  152  15:03  SCV  
Show
View Real Time Build Order
Export as new Build Order

LostLiberty Terran - Winner!

Build Orders:  

Get SALT Encoding   

  12  0:01  SCV  
  13  0:13  SCV  
  14  0:23  Supply Depot  
  14  0:28  SCV  
  15  0:45  SCV  
  15  0:47  Barracks  
  16  0:57  SCV  
  17  1:06  Refinery  
  17  1:09  SCV  
  18  1:19  Barracks  
  18  1:21  SCV  
  19  1:33  SCV  
  20  1:45  SCV  
  21  1:50  Marine  
  22  1:57  Bunker  
  22  2:00  Orbital Command  
  22  2:08  Marine, Refinery  
  23  2:10  Marine  
  23  2:14  Supply Depot  
  23  2:26  Barracks Tech Lab  
  23  2:31  Barracks Tech Lab  
  23  2:42  SCV  
  24  2:45  Supply Depot  
  24  2:47  Marauder  
  24  2:50  Marine  
  27  2:56  SCV  
  28  3:08  Marine, Marauder  
  28  3:09  Engineering Bay  
  31  3:13  SCV  
  32  3:25  Factory  
  32  3:26  Marine, SCV  
  34  3:29  Marine  
  35  3:39  SCV  
  36  3:42  Sensor Tower  
  36  3:52  Marine  
  36  3:53  Marauder  
  39  3:59  Terran Infantry Weapons Level 1  
  39  4:12  Starport  
  39  4:22  Command Center  
  39  4:31  Factory Tech Lab  
  39  4:52  Supply Depot  
  39  4:56  Supply Depot  
  39  5:14  Marine x2, SCV, Siege Tank  
  45  5:21  Starport Reactor  
  45  5:32  Marine, Marauder  
  45  5:33  Stimpack  
  48  5:49  Marine  
  48  5:54  Marauder  
  48  6:35  Marine, Siege Tank  
  48  6:36  Marine  
  48  6:37  Medivac  
  55  6:47  SCV  
  54  6:53  Marine x2  
  53  6:59  SCV  
  50  7:11  SCV, Marauder  
  50  7:12  Marauder  
  50  7:13  Medivac x2  
  59  7:21  SCV  
  60  7:23  SCV  
  60  7:28  Barracks  
  61  7:30  Barracks  
  61  7:33  Marine, Marauder  
  61  7:34  SCV  
  61  7:35  SCV  
  66  7:43  Refinery  
  66  7:44  Sensor Tower  
  66  7:45  Refinery  
  66  7:46  SCV  
  66  7:47  SCV  
  66  7:51  Marauder  
  70  8:00  Supply Depot  
  70  8:07  Missile Turret  
  70  8:10  Missile Turret  
  70  8:11  Terran Infantry Armor Level 1  
  70  8:21  SCV x2  
  70  8:25  Marine, Marauder  
  75  8:29  Barracks Tech Lab x2  
  75  8:33  SCV x2  
  77  8:42  Marine  
  78  9:23  Supply Depot  
  78  9:24  Supply Depot  
  78  9:25  Supply Depot  
  78  9:27  Orbital Command  
  78  9:45  Medivac x2, Siege Tank, Marauder x4  
  93  9:49  Supply Depot  
  93  9:54  Command Center  
  93  10:06  Marine x2  
  81  10:17  Siege Tank  
  78  10:34  Marine  
  78  10:35  Marine x3  
  82  10:44  Armory  
  82  10:52  Marine  
  82  10:53  Marauder x3  
  89  11:11  Refinery, Viking, Marauder  
  93  11:12  Refinery  
  93  11:13  Medivac  
  93  11:14  Marine, Marauder  
  93  11:15  Marauder  
  100  11:31  Siege Tank  
  100  11:32  Marine  
  104  11:34  Terran Infantry Weapons Level 2  
  104  11:41  Orbital Command  
  104  12:03  Siege Tank  
  106  12:35  Siege Tank  
  93  12:46  Marine  
  93  12:47  Marine x3  
  93  12:51  Medivac x2  
  101  13:04  Marine x2  
  101  13:05  Marauder x2  
  107  13:07  Siege Tank  
  110  13:21  Medivac x2  
  110  13:23  Marauder x2  
  110  13:26  Marauder  
  110  13:27  Marauder  
  120  13:39  Siege Tank  
  121  13:43  Marine  
  121  13:46  Marine  
  121  13:47  Marine x2  
  125  14:01  Medivac  
  125  14:03  Medivac, Marauder  
  125  14:05  Marauder  
  125  14:06  Marauder  
  124  14:14  Marine  
  125  14:22  Supply Depot  
  125  14:24  Supply Depot  
  125  14:28  Marauder  
  125  14:34  Marauder  
  125  14:38  Siege Tank  
  119  14:47  Supply Depot  
  119  14:50  Supply Depot  
  119  14:58  Engineering Bay  
Tags
 
Composition
Mech
League
Bronze
Race
Terran
Replay Pack
Multiplayer
Add a new tag
Caveats
  • Supply blocks, unpowered buildings, or Contaminate may cause inaccurate times.
  • Supply counts are checked every 10 seconds.